 Dungeon Crawl Stone Soup version 0.31-a0-18-gea43df2a32 (webtiles) character file.

Game seed: 2906286803080211159

4 hadoken the Sneak (level 1, -2/9 HPs)
             Began as a Spriggan Enchanter on May 12, 2023.
             Slain by a quokka (5 damage)
             ... on level 1 of the Dungeon.
             The game lasted 00:00:59 (103 turns).

hadoken the Sneak (Spriggan Enchanter)               Turns: 103, Time: 00:00:59

Health: -2/9       AC:  2    Str:  4    XL:     1   Next: 58%
Magic:  5/5        EV: 14    Int: 16    God:
Gold:   24         SH:  0    Dex: 15    Spells: 5/5 levels left

rFire   . . .        a - +1 dagger
rCold   . . .        (no shield)
rNeg    . . .        b - +0 robe
rPois   .            (helmet restricted)
rElec   .            (no cloak)
rCorr   .            (gloves unavailable)
SInv    +            (boots unavailable)
Will    .....        (no amulet)
Stlth   +++          (no ring)
HPRegen 0.21/turn    (no ring)
MPRegen 0.09/turn

%: no passive effects
@: constricted, very quick
A: very small, no large weapons, unfitting armour, see invisible, speed 3
a: no special abilities


You were on level 1 of the Dungeon.
You visited 1 branch of the dungeon, and saw 1 of its levels.

You collected 24 gold pieces.

Inventory:

Hand Weapons
 a - a +1 dagger (weapon)
Armour
 b - a +0 robe (worn)
Potions
 c - 2 potions of invisibility
 d - a potion of curing {unknown}


   Skills:
 + Level 1.1 Short Blades
 + Level 2.7 Dodging
 + Level 4.5 Stealth
 + Level 2.8 Spellcasting
 + Level 3.8 Hexes


You had 5 spell levels left.
You didn't know any spells.
Your spell library contained the following spells:

 Spells                   Type           Power      Damage    Failure   Level
 Confusing Touch          Hex            14%        N/A       12%         3
 Tukima's Dance           Hex            14%        N/A       12%         3
 Ensorcelled Hibernation  Hex/Ice        16%        N/A       13%         2
 Dazzling Flash           Conj/Hex       16%        N/A       26%         3


Dungeon Overview and Level Annotations

Branches:
Dungeon (1/15)

Altars:


Innate Abilities, Weirdness & Mutations

You are very small and have problems with some larger weapons.
You are too small for most types of armour.
You have supernaturally acute eyesight. (SInv)
You cover ground extremely quickly. (Speed+++)


Message History

The hobgoblin misses you.
Your unstable footing causes you to fumble your attack.
The hobgoblin splashes around in the water.
You hit the hobgoblin.
You kill the hobgoblin!
You see here a ball python corpse.
You see here a ball python corpse.
d - an emerald potion You see here 6 stones.
Found a chain mail.
A kobold and a ball python come into view.
There are monsters nearby!
Found a scroll labelled RAASHA YFIOPN.
The kobold shouts!
You hear an angry hiss.
You completely miss the kobold. The kobold misses you.
You barely miss the kobold. The kobold hits you but does no damage.
You barely miss the kobold. The kobold barely misses you.
You closely miss the kobold. The kobold misses you.
You miss the kobold.
A quokka comes into view.
You hit the kobold.
You kill the kobold!
You hit the ball python but do no damage.
The ball python bites you. The ball python closely misses you.
The ball python misses you. The ball python grabs you.
The ball python constricts you.
You hit the ball python.
The ball python is moderately wounded.
The quokka bites you. The ball python closely misses you.
The ball python constricts you. The quokka closely misses you.
You are too injured to fight recklessly!
You are too injured to fight recklessly!
You are too injured to fight recklessly!
You are too injured to fight recklessly!
You barely miss the ball python.
The ball python is moderately wounded.
The ball python misses you. The ball python constricts you.
The quokka bites you.
Ouch! That really hurt!
You die...

#......###. .#..#.#..
## .....#.##
...#.....?..S ........
.# #..... .# #.#...S##
[# #....)@r##.# #.P.PP#
##.##.#...#######.$~~PP
#................~PP~~
########.###### #~~P~P
#.### #~P♣~ #...####
#P.~~ ###....# #~~~
####.# #P~♣ #.#### #~†


You could see a quokka and a ball python.

Vanquished Creatures
  A ball python (D:1)
  A hobgoblin (D:1)
  A frilled lizard (D:1)
  A kobold (D:1)
  A rat (D:1)
5 creatures vanquished.

Notes
Turn   | Place    | Note
-------+----------+-------------------------------------------
     0 | D:1      | hadoken the Spriggan Enchanter began the quest for the Orb.
     0 | D:1      | Reached XP level 1. HP: 9/9 MP: 5/5
   103 | D:1      | Slain by a quokka

Illustrated notes

Levels and vault maps discovered:
D:1:      scummos_arrival_star, layout_basic, serial_shops, shop,
          minmay_misc_feat_rows, minmay_misc_feat_roman, serial_bayou_lagoon_a,
          dk_noncrumbling_3

Action                     || total
---------------------------++-------
  Melee: Dagger            ||    28
   Stab: Sleeping          ||     1
 Armour: Robe              ||     1
  Dodge: Dodged            ||    13

Table legend: (Time is in decaauts)
 A = Elapsed time spent in this place.
 B = Non-inter-level travel time spent in this place.
 C = Inter-level travel time spent in this place.
 D = Time resting spent in this place.
 E = Time spent auto-exploring this place.
 F = Levels seen in this place.
 G = Mean time per level.
                   A        B        C        D        E       F      G
               +--------+--------+--------+--------+--------+-----+--------+
         Total |     78 |     78 |      0 |      0 |     26 |   1 |   78.0 |
       Dungeon |     78 |     78 |      0 |      0 |     26 |   1 |   78.0 |
               +--------+--------+--------+--------+--------+-----+--------+

Top non-repeatable levels by time:
     D:1: 78 daAuts
